 Dungeon Crawl Stone Soup version 0.24.1 (webtiles) character file.

Game seed: 1547405532427463648, levelgen mode: deterministic

52743 BuffBuff the Severer (level 14, -36/195 HPs)
             Began as a Minotaur Berserker on Mar 24, 2020.
             Was the Champion of Trog.
             Annihilated by an orc warlord
             ... wielding a +0 great sword
              (40 damage)
             ... on level 2 of the Orcish Mines.
             The game lasted 01:00:56 (20149 turns).

BuffBuff the Severer (Minotaur Berserker)          Turns: 20149, Time: 01:00:56

Health: -36/195    AC: 29    Str: 34    XL:     14   Next: 28%
Magic:  4/4        EV: 14    Int:  4    God:    Trog [******]
Gold:   653        SH:  0    Dex: 11    Spells: 13/13 levels left

rFire    . . .     SeeInvis .   a - +4 executioner's axe (antimagic)
rCold    . . .     Gourm    .   (shield currently unavailable)
rNeg     . . .     Faith    .   R - +3 plate armour of Deh Aqet {+Fly Regen+ Slay-5}
rPois    +         Spirit   .   P - +2 hat
rElec    .         Reflect  .   A - +2 cloak
rCorr    .         Harm     .   J - +0 pair of gloves
MR       +....                  L - +2 pair of boots
Stlth    ..........             N - amulet of the acrobat
HPRegen  0.82/turn              K - ring of poison resistance
MPRegen  0.09/turn              I - +3 ring of strength

@: berserking (expiring), lightly drained, very quick
A: retaliatory headbutt, horns 2
a: Berserk, Trog's Hand, Brothers in Arms, Renounce Religion, Evoke Flight


You were on level 2 of the Orcish Mines.
You worshipped Trog.
Trog was exalted by your worship.
You were very hungry.

You visited 3 branches of the dungeon, and saw 19 of its levels.

You collected 1203 gold pieces.
You spent 550 gold pieces at shops.

Inventory:

Hand Weapons
 a - a +4 antimagic executioner's axe (weapon)
 b - a +3 scimitar of flaming
Missiles
 u - 25 poisoned darts
 Q - 8 curare-tipped darts (quivered)
Armour
 r - a scarf of resistance
 w - a +4 scale mail of magic resistance
 A - a +2 cloak (worn)
 J - a +0 pair of gloves (worn)
 L - a +2 pair of boots (worn)
 P - a +2 hat (worn)
 R - the +3 plate armour of Deh Aqet (worn) {+Fly Regen+ Slay-5}
   (You found it on level 5 of the Lair of Beasts)

   It affects your accuracy and damage with ranged weapons and melee attacks
   (-5).
   It lets you fly.
   It increases your rate of regeneration.
Jewellery
 z - an uncursed ring of see invisible
 F - an uncursed ring of protection from magic
 H - an uncursed ring of protection from cold
 I - a +3 ring of strength (right hand)
 K - a ring of poison resistance (left hand)
 N - an amulet of the acrobat (around neck)
Wands
 g - a wand of acid (16)
 i - a wand of digging (5)
 m - a wand of disintegration (26)
 C - a wand of iceblast (20)
 D - a wand of scattershot (19)
 G - a wand of polymorph (11)
 M - a wand of clouds (5)
Scrolls
 l - 2 scrolls of enchant armour
 o - 2 scrolls of fear
 q - 12 scrolls of teleportation
 t - 2 scrolls of magic mapping
 x - 11 scrolls of remove curse
 y - 3 scrolls of blinking
Potions
 d - a potion of ambrosia
 e - 5 potions of lignification
 f - a potion of resistance
 h - 7 potions of heal wounds
 j - 2 potions of agility
 k - 2 potions of haste
 n - 3 potions of flight
 p - a potion of berserk rage
 v - 6 potions of curing
 B - 2 potions of might
 E - 3 potions of cancellation
 O - a potion of invisibility {unknown}
Comestibles
 c - 46 rations


   Skills:
 + Level 13.6(13.4) Fighting
 * Level 18.0(17.7) Axes
 + Level 13.4(13.1) Armour
 + Level 12.5(12.2) Dodging


You had 13 spell levels left.
You didn't know any spells.
Your spell library was empty.

Dungeon Overview and Level Annotations

Branches:
Dungeon (11/15)            Temple (0/1) D:4            Lair (6/6) D:10
  Swamp (0/4) Lair:2       Spider (0/4) Lair:4        Slime (0/5) Lair:5
    Orc (2/2) D:11
    Elf: Orc:2

Altars:
Hepliaklqana
Qazlal
Sif Muna
Trog
Vehumet
Wu Jian
Yredelemnul
Beogh

Shops:
D:5 %   D:11 !:?*

Annotations:
D:4 exclusion: door
Lair:6 2 transporters, Sede's ghost, journeyman HOFi


Innate Abilities, Weirdness & Mutations

You reflexively headbutt those who attack you in melee.
You have a pair of horns on your head.


Message History

The orc priest hits you but does no damage.
You closely miss the orc warlord. You headbutt the orc warlord!
The orc warlord is severely wounded.
The orc warlord hits you with a +0 great sword!!
* * * LOW HITPOINT WARNING * * *
The orc warrior completely misses you.
You hit the orc warlord but do no damage.
The orc warlord is severely wounded.
The orc priest hits you but does no damage.
You barely miss the orc warlord. Your headbutt misses the orc warlord.
The orc warlord is severely wounded.
The orc warlord closely misses you.
The orc warrior hits you but does no damage.
The orc priest misses you.
You completely miss the orc warlord.
The orc warlord is severely wounded.
The orc warrior hits you from afar with a +0 trident!
* * * LOW HITPOINT WARNING * * *
The orc warlord hits you with a +0 great sword!!!
You die...

##.. ....# .#
....#### ..$#
......## ..## #.....
#...# #....# #.#.#
##....##...#
#...)o#...#
#...@[)...#
##..)))...##.
#...oo..........
#......#.....##.
..o#####.#...#.#$.##
...oo.8[[[........#
.......[.....#.#.##
.............###.#
..............#


You could see an orc warlord, an orc warrior and an orc priest.

Vanquished Creatures
  7 hydras
  Erica (D:10)
  A two-headed ogre (D:8)
  3 death yaks (D:10)
  An orc high priest (Orc:2)
  Nergalle (Lair:4)
  The ghost of Juicwem the Grappler, a novice TrHu (Lair:1)
  2 orc knights
  Pikel (D:5)
  2 orc sorcerers
  A manticore (D:9)
  5 elephants (Lair:4)
  A torpor snail (Lair:6)
  Psyche (D:10)
  4 black mambas
  11 spiny frogs
  A rime drake (Lair:1)
  11 komodo dragons
  A hornet (D:11)
  A queen bee (D:9)
  10 polar bears (Lair:6)
  Grinder (D:2)
  3 slime creatures (Lair:5)
  2 raiju (Lair:6)
  8 hippogriffs
  10 blink frogs
  A bog body (Lair:2)
  7 dream sheep (Lair:4)
  38 yaks
  A spriggan (D:7)
  A vampire (D:10)
  A water elemental (D:11)
  Sigmund (D:4)
  A hungry ghost (D:8)
  Eustachio (D:4)
  3 basilisks
  Menkaure (D:7)
  Edmund (D:3)
  4 wargs (Lair:6)
  8 water moccasins
  13 hell hounds (Lair:6)
  8 porcupines
  19 orc warriors
  3 sky beasts
  3 ice beasts
  Duvessa (D:5)
  A phantom (D:5)
  14 black bears
  10 ogres
  16 wolves
  6 crocodiles
  A centaur (D:9)
  2 big kobolds
  18 bullfrogs
  Blork the orc (D:6)
  A gnoll sergeant (D:10)
  2 scorpions
  Dowan (D:5)
  20 killer bees
  8 wights
  3 electric eels
  3 howler monkeys
  Crazy Yiuf (D:5)
  13 crimson imps
  A jelly (Lair:5)
  14 orc priests
  A centaur zombie (D:8)
  4 hounds
  A centaur skeleton (D:6)
  23 orc wizards
  2 iguanas
  A hell rat (D:10)
  12 worker ants
  A killer bee zombie (D:9)
  2 hound zombies
  Robin (D:4)
  8 gnolls
  A howler monkey skeleton (D:8)
  17 adders
  3 shadow imps
  An ooze (D:6)
  4 adder zombies
  3 adder skeletons
  2 worms
  4 dart slugs
  10 leopard geckos
  63 orcs
  A ball python (D:4)
  6 giant cockroaches
  2 gnoll zombies (D:9)
  15 goblins
  12 hobgoblins
  8 jackals
  5 quokkas
  7 bats
  7 frilled lizards
  A jackal skeleton (D:8)
  17 kobolds
  A leopard gecko skeleton (D:4)
  2 quokka skeletons (D:6)
  9 rats
  5 fungi
  3 plants
608 creatures vanquished.

Vanquished Creatures (collateral kills)
  A raiju (Lair:6)
  A hell hound (Lair:6)
2 creatures vanquished.

Vanquished Creatures (others)
  A jelly (D:5)
  A scorpion (D:5)
  A hound (D:5)
  An adder skeleton (D:5)
  An orc (D:5)
  2 fungi
  6 plants (Lair:6)
13 creatures vanquished.

Grand Total: 623 creatures vanquished

Notes
Turn   | Place    | Note
-------+----------+-------------------------------------------
     0 | D:1      | BuffBuff the Minotaur Berserker began the quest for the
                  | Orb.
     0 | D:1      | Reached XP level 1. HP: 19/19 MP: 0/0
   217 | D:1      | Reached skill level 4 in Axes
   217 | D:1      | Reached XP level 2. HP: 21/27 MP: 1/1
   532 | D:1      | Reached ** piety under Trog
   569 | D:1      | Reached XP level 3. HP: 33/33 MP: 2/2
  1079 | D:2      | Reached XP level 4. HP: 35/40 MP: 3/3
  1574 | D:3      | Noticed Grinder
  1701 | D:3      | Paralysed by Grinder for 2 turns
  1708 | D:2      | Killed Grinder
  1708 | D:2      | Reached skill level 5 in Axes
  1708 | D:2      | Reached XP level 5. HP: 29/47 MP: 4/4
  1708 | D:2      | Reached XP level 6. HP: 34/55 MP: 5/5
  2057 | D:3      | Reached skill level 6 in Axes
  2600 | D:4      | Noticed Edmund
  2626 | D:3      | Killed Edmund
  2626 | D:3      | Reached skill level 5 in Fighting
  2724 | D:4      | Reached *** piety under Trog
  2797 | D:4      | Found a shimmering blue altar of Sif Muna.
  2831 | D:4      | Reached XP level 7. HP: 61/61 MP: 6/6
  2900 | D:4      | Noticed Eustachio
  2920 | D:4      | Killed Eustachio
  2920 | D:4      | Reached skill level 7 in Axes
  2920 | D:4      | Reached skill level 5 in Armour
  3086 | D:4      | Noticed Sigmund
  3100 | D:4      | Killed Sigmund
  3193 | D:4      | Found an ornate altar of the Wu Jian Council.
  3286 | D:4      | Noticed Robin
  3300 | D:4      | Reached skill level 5 in Dodging
  3303 | D:4      | Killed Robin
  3303 | D:4      | Reached XP level 8. HP: 61/70 MP: 7/7
  3541 | D:4      | Found a staircase to the Ecumenical Temple.
  3628 | D:4      | Reached skill level 8 in Axes
  3976 | D:4      | Reached **** piety under Trog
  4046 | D:5      | Entered Level 5 of the Dungeon
  4049 | D:5      | Noticed Pikel
  4063 | D:5      | Killed Pikel
  4129 | D:5      | Reached skill level 9 in Axes
  4516 | D:5      | Found a runed translucent door.
  4517 | D:5      | Noticed Crazy Yiuf
  4602 | D:5      | Noticed Dowan
  4603 | D:5      | Noticed Duvessa
  4619 | D:5      | Killed Dowan
  4623 | D:5      | Killed Duvessa
  4988 | D:5      | Found a hazy altar of Hepliaklqana.
  4990 | D:5      | Got a faintly humming ring mail
  5000 | D:5      | Identified the +4 ring mail of Cowardice {Dex+4} (You found
                  | it on level 5 of the Dungeon)
  5072 | D:5      | Found a radiant altar of Vehumet.
  5082 | D:5      | Found Feoch's Food Shoppe.
  5343 | D:5      | Killed Crazy Yiuf
  5343 | D:5      | Reached XP level 9. HP: 63/79 MP: 8/8
  5546 | D:6      | Found a stormy altar of Qazlal.
  5792 | D:6      | Reached skill level 10 in Axes
  5856 | D:6      | Reached ***** piety under Trog
  6417 | D:6      | Noticed Blork the orc
  6424 | D:6      | Killed Blork the orc
  6452 | D:6      | Found a bloodstained altar of Trog.
  6679 | D:7      | Noticed Menkaure
  6683 | D:7      | Killed Menkaure
  6954 | D:7      | Reached skill level 11 in Axes
  7301 | D:7      | Received a gift from Trog
  7301 | D:7      | Reached XP level 10. HP: 77/90 MP: 9/9
  8169 | D:8      | Noticed a two-headed ogre
  8176 | D:8      | Killed a two-headed ogre
  8575 | D:8      | Found a transporter.
  8691 | D:8      | Reached skill level 12 in Axes
  8815 | D:8      | Found a roughly hewn altar of Beogh.
  8815 | D:8      | Found a transporter.
  9244 | D:9      | Noticed a manticore
  9270 | D:9      | Killed a manticore
  9448 | D:9      | Reached XP level 11. HP: 80/99 MP: 10/10
  9749 | D:9      | Found a basalt altar of Yredelemnul.
  9885 | D:9      | Reached skill level 10 in Fighting
  9887 | D:9      | Reached skill level 13 in Axes
  9888 | D:9      | Received a gift from Trog
 10335 | D:10     | Entered Level 10 of the Dungeon
 10359 | D:10     | Noticed Psyche
 10364 | D:10     | Killed Psyche
 10452 | D:10     | Noticed a death yak
 10453 | D:10     | Noticed a death yak
 10454 | D:10     | Found a staircase to the Lair.
 10455 | D:10     | Noticed a death yak
 10463 | D:10     | Killed a death yak
 10463 | D:10     | Reached skill level 10 in Armour
 10467 | D:10     | Killed a death yak
 10469 | D:10     | Killed a death yak
 10775 | D:10     | Noticed Erica
 10790 | D:10     | Killed Erica
 10809 | D:10     | Received a gift from Trog
 10873 | D:10     | Reached skill level 14 in Axes
 11381 | D:11     | Found Jeobry's Magic Scroll Emporium.
 11393 | D:11     | Bought a scroll of enchant armour for 127 gold pieces
 11393 | D:11     | Bought a scroll of enchant armour for 127 gold pieces
 11634 | D:11     | Found Vopset's General Store.
 11642 | D:11     | Bought a scroll of magic mapping for 56 gold pieces
 11642 | D:11     | Bought a scroll of blinking for 120 gold pieces
 11642 | D:11     | Bought a scroll of blinking for 120 gold pieces
 11767 | D:11     | Reached skill level 10 in Dodging
 11783 | D:11     | Noticed a four-headed hydra
 11793 | D:11     | Killed a one-headed hydra
 11793 | D:11     | Reached XP level 12. HP: 79/110 MP: 11/11
 11910 | D:11     | Found Vuykluf's Book Boutique.
 12718 | D:11     | Found Jodwogh's Distillery.
 12870 | D:11     | Found a staircase to the Orcish Mines.
 13037 | Lair:1   | Entered Level 1 of the Lair of Beasts
 13054 | Lair:1   | Noticed a seven-headed hydra
 13322 | Lair:1   | Killed a three-headed hydra
 13458 | Lair:1   | Received a gift from Trog
 13716 | Lair:1   | Reached skill level 15 in Axes
 13782 | Lair:1   | Found a runed translucent door.
 13784 | Lair:1   | Noticed Juicwem's ghost (novice TrHu)
 14349 | Lair:1   | Killed Juicwem's ghost
 14501 | Lair:1   | Reached ****** piety under Trog
 14840 | Lair:2   | Found a staircase to the Swamp.
 15414 | Lair:3   | Reached skill level 16 in Axes
 15550 | Lair:3   | Noticed a six-headed hydra
 15552 | Lair:3   | Reached XP level 13. HP: 118/118 MP: 12/12
 16565 | Lair:4   | Received a gift from Trog
 16718 | Lair:4   | Noticed Nergalle
 16730 | Lair:4   | Killed Nergalle
 16999 | Lair:4   | Found a hole to the Spider Nest.
 17395 | Lair:5   | Got a bloodstained plate armour
 17405 | Lair:5   | Identified the +3 plate armour of Deh Aqet {+Fly Regen+
                  | Slay-5} (You found it on level 5 of the Lair of Beasts)
 17503 | Lair:5   | Found a staircase to the Slime Pits.
 18218 | Lair:6   | Entered Level 6 of the Lair of Beasts
 18254 | Lair:6   | Reached skill level 17 in Axes
 18447 | Lair:6   | Noticed Sede's ghost (journeyman HOFi)
 18482 | Lair:6   | Found a transporter.
 18595 | Lair:6   | Found a transporter.
 18906 | Lair:6   | Received a gift from Trog
 18911 | Lair:6   | Identified a scroll of acquirement
 19114 | Lair:6   | Reached XP level 14. HP: 124/129 MP: 4/13
 19864 | Orc:1    | Entered Level 1 of the Orcish Mines
 20015 | Orc:2    | Entered Level 2 of the Orcish Mines
 20072 | Orc:2    | Noticed an orc warlord
 20138 | Orc:2    | Reached skill level 18 in Axes
 20149 | Orc:2    | HP: 4/195 [orc warrior/+0 trident[an orc warlord] (17)]
 20149 | Orc:2    | Annihilated by an orc warlord

Levels and vault maps discovered:
D:1:      dpeg_arrival_rooms_a, layout_loops_corners
D:2:      layout_basic
D:3:      layout_loops_corners, uniq_grinder
D:4:      layout_layer_cave, led_sif_book, minmay_temple_entry_arrows,
          minmay_ruined_shrine, uniq_edmund, uniq_sigmund, uniq_eustachio,
          uniq_robin
D:5:      wad_pebble_path, layout_basic, kennysheep_little_box, kennysheep_mini,
          first_ration, serial_shops, kennysheep_mini_moat,
          uniq_crazy_yiuf_cottage, uniq_pikel, uniq_duvessa
D:6:      layout_basic, bloody_trog, lemuel_crystal_altar, wad_rectangle_vault,
          uniq_blork_the_orc
D:7:      layout_basic, the_bakery, uniq_menkaure
D:8:      gammafunk_beogh_shrine, layout_basic
D:9:      layout_loops_cross, lemuel_zombie_altar_yredelemnul,
          nicolae_two_hexagons, minivault_7
D:10:     layout_stronghold, dpeg_lair_monsters, uniq_psyche, uniq_erica
D:11:     layout_rooms, erik_orc_2, serial_co_window_serial, co_window_corner_a,
          co_window_corner_a, co_window_corner_a, co_window_paths_b,
          co_window_corner_a, co_window_paths_b, co_window_paths_b,
          co_window_paths_a, co_window_paths_a, co_window_paths_c,
          co_window_of_opportunity_b, co_window_of_opportunity_b,
          co_window_corner_ca, co_window_corner_cb, glass_columns_c,
          glass_columns_a, glass_columns_a, serial_shops, shop, shop, shop, shop
Lair:1:   layout_big_grid, ebering_ghost_inner_flame,
          chequers_serial_rivers_room_a, lemuel_fruit_fields
Lair:2:   layout_chaotic_city, skrybe_swamp_entry_bodies, beast_lair_carwin_9
Lair:3:   layout_gridlike
Lair:4:   layout_regular_city, dummy_spider_entry, serial_bayou_shore_a,
          infiniplex_staircase_pool, lemuel_fruit_fields, lemuel_fruit_fields,
          uniq_nergalle
Lair:5:   layout_loops_ring, minmay_slime_entry_pillars, grunt_megastairs_1,
          serial_bayou_shore_b, lemuel_fruit_tree
Lair:6:   hangedman_lair_caniforms_friends, layout_long_grid,
          gammafunk_ghost_arena
Orc:1:    layout_caves, nicolae_orc_damp_corner
Orc:2:    grunt_orc_cross, layout_caves

Skill      XL: |  1  2  3  4  5  6  7  8  9 10 11 12 13 14 |
---------------+-------------------------------------------+-----
Axes           | 4 5 6 7 9 11 12 14 16 17 18 | 18.0
Fighting       | 4 5 6 7 8 9 11 12 13 | 13.6
Armour         | 3 4 5 6 8 9 10 12 13 | 13.4
Dodging        | 3 4 5 6 7 8 10 11 12 | 12.5

Action                   |  1- 3 |  4- 6 |  7- 9 | 10-12 | 13-15 || total
-------------------------+-------+-------+-------+-------+-------++-------
Melee: Hand axe          |   102 |    81 |       |       |       ||   183
       Headbutt          |    14 |    14 |    79 |   114 |   126 ||   347
       Dire flail        |       |    12 |   381 |       |       ||   393
       Broad axe         |       |       |       |    89 |       ||    89
       Battleaxe         |       |       |       |   436 |   247 ||   683
       Scimitar          |       |       |       |    11 |    29 ||    40
       Executioner's axe |       |       |       |       |   181 ||   181
Throw: Dart              |       |       |       |    26 |       ||    26
Invok: Berserk           |       |     2 |     3 |     6 |     1 ||    12
  Use: Scroll            |       |    10 |     7 |    10 |     9 ||    36
  Eat: Chunk             |     1 |     4 |    17 |    28 |    11 ||    61
       Ration            |       |     1 |       |     2 |     1 ||     4
Armor: Animal skin       |     4 |       |       |       |       ||     4
       Chain mail        |    46 |       |       |       |       ||    46
       Leather armour    |     1 |       |       |       |       ||     1
       Ring mail         |       |    26 |    59 |       |       ||    85
       Scale mail        |       |       |   126 |   220 |    38 ||   384
       Plate armour      |       |       |       |       |   373 ||   373
Dodge: Dodged            |    57 |    77 |   263 |   408 |   484 ||  1289
       Rpst.: Scimitar   |       |       |       |     2 |     4 ||     6
